Map: Eastwatch LE

Players

Thetawaves

  • Race: Protoss Protoss
  • League: Master
  • Spawn Location: 7:00

A.I. 1 (Very Easy) - Winner!

  • Race: Protoss Protoss
  • Spawn Location: 1:00

VOD

Have the link to the VOD?

Description

Time

  • Played on: March 20, 2018, 2:38 a.m.
  • Length: 6:34
Show
View Real Time Build Order
Export as new Build Order

Thetawaves Protoss 

Build Orders: 1 Gate Expand 

Get SALT Encoding   

  12  0:00  Probe  
  13  0:12  Probe  
  14  0:19  Pylon  
  14  0:25  Probe  
  15  0:37  Probe  
  15  0:38  Gateway  
  17  0:50  Probe  
  17  0:51  Assimilator  
  17  1:02  Probe  
  18  1:15  Nexus  
  18  1:18  Probe  
  19  1:27  Cybernetics Core  
  19  1:31  Probe  
  20  1:36  Assimilator  
  20  1:43  Probe  
  20  1:46  Pylon  
  21  1:55  Probe  
  22  2:02  Adept (Chrono Boost)  
  22  2:07  Probe  
  25  2:12  Robotics Facility  
  25  2:19  Probe  
  25  2:22  Stalker  
  26  2:27  Probe (Chrono Boost)  
  29  2:31  Probe (Chrono Boost)  
  29  2:33  Warp Gate  
  30  2:39  Probe (Chrono Boost)  
  30  2:43  Probe (Chrono Boost)  
  32  2:46  Probe (Chrono Boost)  
  32  2:48  Probe (Chrono Boost)  
  34  2:52  Stalker  
  34  2:53  Probe  
  34  2:58  Probe  
  38  2:59  Observer  
  39  3:06  Probe  
  39  3:10  Pylon, Probe  
  41  3:18  Probe  
  42  3:22  Probe  
  42  3:23  Sentry  
  42  3:24  Observer  
  46  3:30  Probe  
  47  3:34  Probe  
  47  3:37  Nexus  
  48  3:41  Gateway  
  48  3:45  Probe  
  48  3:47  Probe  
  48  3:48  Observer  
  51  3:51  Pylon  
  51  3:58  Probe (Chrono Boost)  
  51  3:59  Probe (Chrono Boost)  
  51  4:02  Assimilator  
  53  4:05  Assimilator  
  53  4:07  Pylon  
  55  4:10  Probe (Chrono Boost)  
  55  4:11  Probe (Chrono Boost)  
  55  4:12  Observer  
  56  4:17  Probe x2 (Chrono Boost)  
  56  4:21  Pylon  
  58  4:24  Probe (Chrono Boost)  
  58  4:25  Probe (Chrono Boost)  
  60  4:36  Probe (Chrono Boost)  
  60  4:37  Probe (Chrono Boost)  
  60  4:38  Immortal  
  66  4:40  Sentry  
  66  4:41  Sentry  
  66  4:42  Probe (Chrono Boost)  
  66  4:43  Probe (Chrono Boost)  
  72  4:48  Probe (Chrono Boost)  
  75  4:54  Probe (Chrono Boost)  
  75  4:56  Probe (Chrono Boost)  
  75  4:59  Forge, Probe (Chrono Boost)  
  76  5:01  Forge  
  76  5:02  Twilight Council, Probe (Chrono Boost)  
  76  5:05  Probe (Chrono Boost)  
  76  5:06  Probe (Chrono Boost)  
  79  5:10  Probe (Chrono Boost)  
  81  5:14  Probe (Chrono Boost)  
  81  5:19  Gateway, Probe (Chrono Boost)  
  81  5:20  Sentry  
  81  5:21  Gateway, Stalker  
  86  5:22  Observer, Gateway  
  86  5:25  Gateway  
  86  5:27  Pylon  
  87  5:34  Shield Battery  
  87  5:35  Pylon  
  87  5:38  Shield Battery  
  87  5:45  Gateway  
  87  5:47  Gateway  
  87  5:52  Stalker  
  87  5:53  Stalker  
  91  5:58  Observer  
  92  6:16  Pylon  
  92  6:17  Zealot x5  
  102  6:22  Pylon  
  102  6:23  Pylon  
  102  6:24  Pylon  
  103  6:30  Stalker  
Show
View Real Time Build Order
Export as new Build Order

A.I. 1 (Very Easy) Protoss - Winner!

Build Orders:  

Get SALT Encoding   

  12  0:00  Probe  
  13  0:13  Probe  
  14  0:21  Pylon  
  14  0:36  Assimilator  
  14  0:43  Gateway  
  14  0:46  Pylon  
  14  1:14  Assimilator  
  14  1:24  Probe  
  14  1:25  Zealot  
  14  1:32  Probe  
  15  1:34  Cybernetics Core  
  18  1:42  Probe  
  19  1:53  Probe  
  19  2:00  Warp Gate  
  20  2:01  Probe  
  21  2:10  Probe  
  22  2:48  Stalker  
Tags
 
League
Master
Matchup
PvP
Spawn Locations
Cross Positions
Add a new tag
Caveats
  • Supply blocks, unpowered buildings, or Contaminate may cause inaccurate times.
  • Supply counts are checked every 10 seconds.